Map: Cactus Valley LE (Void)

Players

Spectrum

  • Race: Terran Terran
  • Spawn Location: 7:00

Railgan - Winner!

  • Race: Zerg Zerg
  • League: Grandmaster
  • Spawn Location: 11:00

VOD

Have the link to the VOD?

Description

Time

  • Played on: Feb. 25, 2017, 7:27 p.m.
  • Length: 13:11
Show
View Real Time Build Order
Export as new Build Order

Spectrum Terran 

Build Orders: Reaper Expand, Hellion Banshee, MMM Bio 

Get SALT Encoding   

  12  0:01  SCV  
  13  0:13  SCV  
  14  0:18  Supply Depot  
  14  0:25  SCV  
  15  0:39  SCV  
  15  0:41  Barracks  
  16  0:44  Refinery  
  16  0:51  SCV  
  17  1:03  SCV  
  18  1:16  SCV  
  19  1:31  Reaper  
  20  1:32  Orbital Command  
  20  1:44  Command Center  
  20  1:58  SCV  
  20  2:00  Supply Depot  
  21  2:03  Reaper  
  22  2:10  SCV  
  23  2:23  SCV  
  24  2:33  Factory  
  24  2:35  SCV  
  25  2:46  Barracks Reactor, Refinery  
  25  2:47  SCV  
  25  2:50  Command Center  
  26  2:59  SCV  
  26  3:03  Orbital Command  
  27  3:11  SCV  
  28  3:19  Starport  
  28  3:23  SCV  
  29  3:28  Hellion  
  29  3:29  Hellion, Barracks Tech Lab  
  29  3:32  SCV  
  34  3:35  SCV  
  35  3:44  SCV  
  36  3:49  Hellion  
  36  3:50  Hellion, SCV  
  41  3:56  SCV  
  41  4:02  SCV  
  43  4:03  Cloaking Field, Banshee  
  43  4:06  Orbital Command  
  43  4:09  SCV  
  47  4:12  Hellion  
  47  4:15  Hellion  
  51  4:21  SCV  
  52  4:24  Barracks Tech Lab  
  52  4:28  Supply Depot  
  52  4:29  SCV  
  53  4:35  SCV x2  
  55  4:42  SCV  
  58  4:46  Marine, Stimpack  
  60  4:55  SCV  
  60  4:56  SCV  
  55  5:03  SCV  
  55  5:05  Engineering Bay  
  55  5:06  Engineering Bay, Barracks x2  
  49  5:10  Factory Reactor  
  49  5:12  Supply Depot, SCV  
  50  5:14  Supply Depot  
  50  5:15  Marine  
  50  5:16  Supply Depot, SCV x2  
  50  5:20  Bunker, Orbital Command  
  53  5:27  SCV  
  51  5:33  Marine  
  48  5:36  Starport Reactor  
  48  5:37  Bunker, SCV  
  43  5:46  SCV  
  44  5:51  Marine  
  44  5:53  Terran Infantry Armor Level 1, Terran Infantry Weapons Level 1  
  44  5:57  Missile Turret x3  
  44  6:01  Missile Turret, Marine, Factory Reactor  
  44  6:02  Missile Turret, Marine  
  44  6:03  Missile Turret  
  46  6:04  SCV  
  46  6:05  Marine  
  46  6:08  Marine  
  46  6:09  Marine  
  46  6:10  SCV  
  41  6:19  Marine, SCV x2  
  41  6:26  Marine x2  
  41  6:30  Medivac  
  45  6:37  Medivac, Marine  
  49  6:40  SCV x2  
  49  6:41  SCV  
  50  6:47  Marine, Combat Shields  
  50  6:52  SCV  
  50  6:53  Siege Tank, SCV  
  57  6:55  SCV  
  57  6:58  Marine  
  57  6:59  Marine, Supply Depot  
  59  7:02  Marine  
  59  7:08  Supply Depot  
  62  7:09  SCV  
  62  7:10  SCV x2  
  63  7:18  Marine  
  63  7:20  Missile Turret  
  63  7:21  Missile Turret  
  63  7:22  SCV  
  64  7:23  Marine x2  
  64  7:26  Refinery  
  64  7:27  Refinery  
  66  7:31  Missile Turret  
  66  7:33  Missile Turret  
  67  7:39  Marine  
  67  7:41  Medivac x2  
  71  7:44  Marine  
  71  7:45  Marine x2  
  74  7:51  SCV  
  74  7:52  Orbital Command  
  74  7:56  SCV  
  74  7:57  Marine  
  78  8:02  Barracks  
  78  8:03  Barracks  
  78  8:04  SCV  
  78  8:05  Marine  
  79  8:09  SCV  
  79  8:12  Missile Turret  
  81  8:16  Armory, SCV  
  80  8:20  Siege Tank  
  80  8:21  SCV  
  80  8:24  SCV  
  80  8:26  Marine x2  
  87  8:28  SCV  
  87  8:30  Marine  
  87  8:33  SCV  
  90  8:36  Marine  
  90  8:38  SCV  
  90  8:40  SCV  
  93  8:43  Missile Turret  
  93  8:44  Marine x2  
  93  8:45  Marauder  
  98  8:48  SCV  
  98  8:50  Marine  
  98  8:52  Siege Tank  
  98  8:53  Barracks Reactor, Barracks Tech Lab  
  102  8:59  SCV  
  102  9:02  Medivac x2  
  106  9:06  Marauder  
  108  9:10  Marine  
  107  9:19  Marine x2  
  107  9:20  Marine, Marauder  
  107  9:24  Siege Tank  
  107  9:27  Marauder  
  107  9:28  Marine, SCV  
  108  9:35  Terran Infantry Weapons Level 2  
  108  9:36  Supply Depot x2  
  108  9:39  Supply Depot  
  107  9:58  SCV x3  
  101  10:00  Siege Tank  
  101  10:02  Marine  
  101  10:03  Marauder  
  101  10:05  Terran Infantry Armor Level 2, Marauder  
  109  10:08  Supply Depot  
  109  10:09  Refinery  
  109  10:10  Barracks, Supply Depot, Refinery  
  109  10:11  Barracks  
  109  10:21  Terran Vehicle Weapons Level 1  
  109  10:22  Supply Depot  
  109  10:30  Marine x3, Marauder x2, SCV  
  109  10:31  Marine, SCV, Medivac  
  121  10:35  Marine x2  
  121  10:37  Medivac  
  125  10:45  Siege Tank  
  125  10:48  Marine x3  
  131  10:53  Marine, Marauder x2  
  128  10:58  Marine  
  128  10:59  Marine  
  122  11:04  Marine  
  121  11:15  Marine, Marauder x2  
  121  11:16  Marine  
  125  11:23  Barracks Reactor, Supply Depot x2, Barracks Tech Lab  
  125  11:28  Marine  
  126  11:36  Marauder  
  121  11:43  Marauder  
  123  11:53  Marine  
  120  11:56  Marine  
  105  12:03  Marine  
  101  12:24  Marine  
  101  12:26  Marine  
  101  12:27  Orbital Command  
  94  12:30  Marine  
  93  12:47  Marine  
Show
View Real Time Build Order
Export as new Build Order

Railgan Zerg - Winner!

Build Orders: Pool First, Lurkers 

Get SALT Encoding   

  12  0:01  Drone  
  13  0:13  Overlord  
  13  0:18  Drone  
  14  0:31  Drone x2  
  16  0:38  Drone  
  17  0:48  Drone, Spawning Pool  
  17  0:57  Drone  
  18  1:13  Hatchery  
  18  1:17  Drone  
  18  1:19  Extractor  
  18  1:23  Drone  
  18  1:34  Queen  
  18  1:35  Zergling x2  
  21  1:41  Drone  
  22  1:54  Overlord  
  22  2:14  Queen  
  25  2:15  Drone x2  
  26  2:26  Queen  
  26  2:28  Drone x2  
  29  2:31  Metabolic Boost  
  29  2:34  Drone  
  30  2:39  Drone  
  31  2:45  Drone x2, Overlord  
  31  2:48  Drone  
  34  2:57  Zergling x2  
  35  3:01  Drone  
  35  3:02  Lair  
  36  3:07  Drone  
  36  3:09  Extractor  
  36  3:11  Zergling x2  
  37  3:18  Drone  
  37  3:19  Drone  
  39  3:25  Drone, Overlord  
  39  3:26  Drone  
  41  3:30  Drone x2  
  43  3:36  Drone  
  43  3:37  Overlord  
  44  3:43  Extractor x2, Drone x2  
  44  3:48  Overlord  
  44  3:51  Drone  
  45  3:58  Drone x2  
  45  3:59  Drone  
  45  4:02  Spire  
  47  4:06  Drone x2  
  47  4:08  Drone x2  
  51  4:11  Zergling x4  
  51  4:16  Overlord  
  53  4:18  Drone  
  54  4:28  Zergling x4  
  54  4:29  Zergling x2  
  55  4:43  Zergling x12  
  55  4:45  Queen x2  
  59  4:54  Zergling x4  
  58  5:08  Overseer  
  58  5:13  Spore Crawler x2  
  58  5:14  Drone  
  57  5:15  Drone x2  
  57  5:18  Mutalisk x5  
  67  5:22  Queen  
  67  5:27  Queen  
  70  5:32  Mutalisk  
  70  5:33  Mutalisk  
  72  5:40  Mutalisk x2  
  71  5:57  Hatchery  
  70  6:23  Drone x2  
  70  6:24  Drone x3  
  75  6:28  Evolution Chamber, Drone x2  
  75  6:29  Evolution Chamber  
  75  6:30  Hydralisk Den, Overlord x2  
  74  6:34  Overlord  
  74  6:36  Drone  
  74  6:37  Drone  
  74  6:38  Hydralisk Den  
  75  6:40  Zergling x2  
  76  6:54  Zerg Missile Weapons Level 1, Zerg Ground Armor Level 1  
  76  7:02  Hydralisk, Muscular Augments  
  76  7:03  Hydralisk x5  
  76  7:06  Drone  
  89  7:13  Queen  
  89  7:14  Lurker Den  
  91  7:24  Drone  
  91  7:25  Drone x5  
  97  7:39  Drone  
  97  7:42  Overlord x2  
  98  7:45  Hydralisk x4  
  98  7:51  Overlord  
  106  7:54  Extractor x2  
  106  7:55  Overlord  
  104  8:00  Drone x2  
  104  8:04  Pneumatized Carapace  
  106  8:11  Zergling x4  
  106  8:15  Hydralisk x2  
  110  8:20  Hydralisk x2  
  110  8:25  Hydralisk x2  
  112  8:31  Zergling x8  
  116  8:36  Overlord  
  116  8:37  Drone x2  
  116  8:41  Lurker x4  
  122  8:45  Zergling x2  
  123  8:49  Zerg Missile Weapons Level 2  
  123  8:52  Drone  
  123  8:53  Zergling x4  
  123  8:55  Hatchery  
  120  9:02  Hydralisk  
  120  9:10  Hydralisk x5  
  121  9:26  Hydralisk  
  121  9:28  Hydralisk x2  
  121  9:29  Hydralisk x4  
  125  9:34  Hydralisk  
  124  9:40  Zergling x2  
  125  9:46  Hydralisk x3  
  125  9:47  Hydralisk x2  
  125  9:52  Hydralisk  
  120  10:01  Zergling x8  
  120  10:05  Drone x2  
  126  10:08  Drone  
  126  10:13  Lurker  
  128  10:15  Drone x3  
  132  10:21  Lurker  
  132  10:22  Lurker  
  132  10:23  Drone x2  
  132  10:24  Drone  
  132  10:25  Drone, Spine Crawler  
  132  10:26  Spore Crawler  
  132  10:28  Overlord  
  135  10:30  Hydralisk  
  135  10:33  Hydralisk  
  135  10:35  Zergling x2  
  137  10:46  Hydralisk x2  
  137  10:48  Drone x2  
  143  10:55  Hydralisk x2  
  138  10:57  Hydralisk  
  138  10:58  Hydralisk x3  
  140  11:04  Zergling x6  
  140  11:05  Zergling x4  
  145  11:14  Lurker x2  
  145  11:15  Zergling x6  
  145  11:18  Lurker  
  133  11:34  Hydralisk x2  
  136  11:42  Hydralisk x2  
  126  11:54  Hydralisk x2  
  126  11:55  Hydralisk x2  
  116  12:03  Hatchery  
  116  12:06  Hydralisk x2  
  115  12:16  Hydralisk  
  117  12:24  Hydralisk  
  117  12:26  Zergling x4, Queen x2  
  121  12:41  Hatchery  
  121  12:42  Hydralisk, Zergling x2  
  121  12:46  Extractor x2  
Tags
 
Add a new tag
Caveats
  • Supply blocks, unpowered buildings, or Contaminate may cause inaccurate times.
  • Supply counts are checked every 10 seconds.